 Dungeon Crawl Stone Soup version 0.31-a0-188-g5e087ee2ca (webtiles) character file.

Game seed: 8251026280137436338

100 qw the Shooter (level 4, -1/25 HPs)
             Began as a Deep Elf Hunter on June 23, 2023.
             Slain by an adder (4 damage)
             ... on level 2 of the Dungeon.
             The game lasted 00:00:32 (1287 turns).

qw the Shooter (Deep Elf Hunter)                    Turns: 1287, Time: 00:00:33

Health: -1/25      AC:  5    Str: 10    XL:     4   Next: 47%
Magic:  6/6        EV: 11    Int: 14    God:
Gold:   99         SH:  0    Dex: 18    Spells: 3/3 levels left

rFire   . . .        Y - +0 shortbow
rCold   . . .        (shield currently unavailable)
rNeg    . . .        d - +0 ring mail
rPois   .            (no helmet)
rElec   .            (no cloak)
rCorr   .            (no gloves)
SInv    .            (no boots)
Will    .....        (no amulet)
Stlth   +            (no ring)
HPRegen 0.24/turn    (no ring)
MPRegen 0.10/turn

%: no passive effects
@: lethally poisoned (-1 -> -9)
A: no striking features
a: no special abilities


You were on level 2 of the Dungeon.
You visited 1 branch of the dungeon, and saw 2 of its levels.

You collected 99 gold pieces.


   Skills:
 - Level 1.5 Fighting
 + Level 7.9 Ranged Weapons
 - Level 2.4 Dodging
 - Level 1.2 Stealth


You had 3 spell levels left.
You didn't know any spells.
Your spell library was empty.

Inventory:

Hand Weapons
 Y - a +0 shortbow (weapon)
Armour
 d - a +0 ring mail (worn)
 h - a +0 cloak
Scrolls
 a - a scroll of identify
 b - a scroll of blinking {unknown}
 c - a scroll of fear {unknown}
 e - a scroll of teleportation {unknown}
 j - a scroll of amnesia {unknown}
Potions
 f - a potion of experience {unknown}
 i - a potion of degeneration {unknown}

Dungeon Overview and Level Annotations

Branches:
Dungeon (2/15)

Altars:

Shops:
D:1 [*

Annotations:
D:2 1 runed translucent door, Crazy Yiuf


Message History

The sleepcap closely misses you.
You shoot an arrow. The arrow hits the sleepcap.
The sleepcap is almost destroyed.
You feel sick. The adder closely misses you. The adder bites you.
The sleepcap releases spores at you.
You shoot an arrow.
The arrow hits the sleepcap but does no damage.
The sleepcap is almost destroyed.
You feel sick. The adder bites you but does no damage.
The sleepcap barely misses you.
You shoot an arrow. The arrow hits the sleepcap!
You destroy the sleepcap!
You feel sick. The adder barely misses you. The adder bites you.
You shoot an arrow. The arrow misses the adder.
You feel sick. The adder barely misses you.
You shoot an arrow. The arrow hits the adder.
The adder is lightly wounded.
You feel sick.
You are no longer poisoned.
The adder bites you but does no damage. The adder bites you.
You shoot an arrow. The arrow closely misses the adder.
The adder barely misses you.
You shoot an arrow. The arrow hits the adder.
The adder is moderately wounded.
The adder barely misses you.
You shoot an arrow. The arrow barely misses the adder.
The adder bites you but does no damage. The adder closely misses you.
You shoot an arrow. The arrow barely misses the adder.
The adder misses you.
You shoot an arrow. The arrow misses the adder.
The adder bites you but does no damage. The adder bites you.
You are poisoned.
The adder poisons you!
You shoot an arrow. The arrow barely misses the adder.
You feel sick. The adder bites you but does no damage.
You shoot an arrow. The arrow barely misses the adder.
You feel sick. The adder bites you.
You are lethally poisoned!
The adder poisons you! The adder bites you.
You die...

......#
#.###.###########.#.# .#
)...#...........#.#.#..#
###.####..#####.#.#.#..
#.#.#..)...####.#.....
#.# #.##......#.#...#
..# #.##...##.#.#...#
#.# #.##...##.#.#S..#
#.# #.##...##...@...#
#.# #.##........#...#
#.# #.##..###########
#.# #.##.## #.# ......
#.# .### # .. # # #


You could see an adder.

Vanquished Creatures
  A sleepcap (D:2)
  2 adders (D:2)
  A worm (D:2)
  3 dart slugs (D:1)
  5 ball pythons (D:1)
  3 bats (D:1)
  3 endoplasms
  A giant cockroach (D:1)
  3 goblins
  8 hobgoblins
  4 jackals (D:2)
  A quokka (D:1)
  2 frilled lizards (D:1)
  4 kobolds
41 creatures vanquished.

Notes
Turn   | Place    | Note
-------+----------+-------------------------------------------
     0 | D:1      | qw the Deep Elf Hunter began the quest for the Orb.
     0 | D:1      | Reached XP level 1. HP: 12/12 MP: 3/3
     0 | D:1      | 0 ||| qw: Version: 0.3-a-9-g12657ce
     0 | D:1      | 0 ||| qw: Game counter: 4242
     0 | D:1      | 0 ||| qw: Always use a shield: true
     0 | D:1      | 0 ||| qw: God list: Okawaru
     0 | D:1      | 0 ||| qw: Allow faded altars: false
     0 | D:1      | 0 ||| qw: Do Orc after D:15 true
     0 | D:1      | 0 ||| qw: Do second Lair branch before Depths: true
     0 | D:1      | 0 ||| qw: Lair rune preference: random
     0 | D:1      | 0 ||| qw: Plans: Normal
     0 | D:1      | 0 ||| PLANNING D:1-11
     4 | D:1      | Found Coyhaw Byri's Assorted Antiques.
    22 | D:1      | 22 ||| SHOPLISTING blackened lead wand (88 gold, have 8).
    22 | D:1      | 22 ||| SHOPLISTING scroll labelled ELLOFYSSUM (22 gold,
                  | have 8).
    22 | D:1      | 22 ||| SHOPLISTING scroll labelled SAZXUO TAFIASK (22 gold,
                  | have 8).
    22 | D:1      | 22 ||| SHOPLISTING scroll labelled YJOOCA ILICRO (22 gold,
                  | have 8).
    22 | D:1      | 22 ||| SHOPLISTING thick silver amulet (110 gold, have 8).
    66 | D:1      | 66 ||| FLEEEEING.
   121 | D:1      | Reached XP level 2. HP: 16/16 MP: 4/4
   148 | D:1      | Reached skill level 6 in Ranged Weapons
   350 | D:1      | Reached XP level 3. HP: 18/20 MP: 5/5
   772 | D:1      | Found Kuywiam's Armour Boutique.
   776 | D:1      | 776 ||| SHOPLISTING +0 ring mail of Riweann {Dex+3} (173
                  | gold, have 99).
   776 | D:1      | 776 ||| SHOPLISTING +2 hat (160 gold, have 99).
   843 | D:1      | 843 ||| UPGRADING to +0 ring mail.
   853 | D:1      | 853 ||| DROPPING +0 leather armour.
   854 | D:1      | 854 ||| READING 2 scrolls labelled UXUCE WUASEEDGH.
   855 | D:1      | 855 ||| DRINKING 2 amethyst potions.
   856 | D:1      | 856 ||| DROPPING scroll of butterflies.
   924 | D:2      | Reached skill level 7 in Ranged Weapons
  1065 | D:2      | Found a runed translucent door.
  1066 | D:2      | Noticed Crazy Yiuf
  1100 | D:2      | Reached XP level 4. HP: 20/25 MP: 6/6
  1273 | D:2      | HP: 5/25 [sleepcap (2)]
  1274 | D:2      | 1274 ||| DRINKING potion of heal wounds.
  1280 | D:2      | HP: 6/25 [adder (4)]
  1286 | D:2      | HP: 5/25 [poisoned by an adder]
  1287 | D:2      | Slain by an adder

Levels and vault maps discovered:
D:1:      scummos_arrival_simple_fountains, layout_basic, serial_shops,
          nicolae_shop_window_shopping, nicolae_shop_back_alley_shop,
          serial_park_tiny_pond
D:2:      layout_basic, uniq_crazy_yiuf_cottage

Skill      XL: |  1  2  3 |
---------------+----------+-----
Ranged Weapons | 6 7 |  7.9
Fighting       | |  1.5
Dodging        | |  2.4
Stealth        | |  1.2

Action                     |  1- 3 |  4- 6 || total
---------------------------+-------+-------++-------
   Fire: Shortbow          |   108 |    35 ||   143
    Use: Potion            |     1 |     1 ||     2
         Scroll            |     1 |       ||     1
 Armour: Leather armour    |     6 |       ||     6
         Ring mail         |     5 |    12 ||    17
  Dodge: Dodged            |    25 |    17 ||    42

Table legend:
 A = Non-vault XP
 B = Vault XP
 C = Vault XP percentage of total XP
 D = Non-vault monster count
 E = Vault monster count
 F = Vault count percentage of total count
                 A         B        C        D         E       F
            +---------+---------+-------+---------+---------+-------
      Total |     144 |       0 |   0.0 |      41 |       0 |   0.0
            +---------+---------+-------+---------+---------+-------
        D:1 |      57 |       0 |   0.0 |      28 |       0 |   0.0
        D:2 |      87 |       0 |   0.0 |      13 |       0 |   0.0
            +---------+---------+-------+---------+---------+-------
